 Dungeon Crawl Stone Soup version bcrawl-1.19.1 (webtiles) character file.

Game seed: 16330205485999670175

329 Freyura the Skirmisher (level 6, -5/56 HPs)
             Began as a Hill Orc Fighter on Nov 29, 2019.
             Was an Initiate of Beogh.
             Slain by a slave (6 damage)
             ... led by Pikel
             ... on level 4 of the Dungeon.
             The game lasted 00:10:15 (3081 turns).

Freyura the Skirmisher (Hill Orc Fighter)           Turns: 3081, Time: 00:10:15

Health: -5/56      AC:  9    Str: 19    XL:     6   Next: 50%
Magic:  6/6        EV:  7    Int:  8    God:    Beogh [......]
Gold:   215        SH:  9    Dex: 12    Spells: 5/5 levels left

rFire    . . .     SeeInvis .   a - +0 trident
rCold    . . .     Gourm    .   c - +0 shield
rNeg     . . .     Faith    .   b - +0 scale mail
rPois    .         Spirit   .   h - +0 helmet
rElec    .         Reflect  .   (no cloak)
rCorr    .         Harm     .   (no gloves)
MR       .....                  l - +0 pair of boots
Stlth    ..........             (no amulet)
HPRegen  0.18/turn              (no ring)
MPRegen  0.10/turn              (no ring)

@: no status effects
A: no striking features
a: Renounce Religion


You were on level 4 of the Dungeon.
You worshipped Beogh.
Beogh was noncommittal.
You were very hungry.

You visited 1 branch of the dungeon, and saw 4 of its levels.

You collected 215 gold pieces.

Inventory:

Hand Weapons
 a - a +0 trident (weapon)
Armour
 b - a +0 scale mail (worn)
 c - a +0 shield (worn)
 h - a +0 helmet (worn)
 l - a +0 pair of boots (worn)
Jewellery
 e - a +4 ring of strength {unknown}
Scrolls
 m - 2 scrolls of remove curse
 n - a scroll of fear
 o - 2 scrolls of identify
 r - a scroll of teleportation {unknown}
Potions
 d - a potion of might
 g - 2 potions of berserk rage {unknown}
 i - 4 potions of lignification
 j - 2 potions of haste
 k - a potion of resistance
 p - 2 potions of flight {unknown}
 q - a potion of heal wounds {unknown}
 s - 4 potions of curing
Comestibles
 f - 13 rations {!d}


   Skills:
 * Level 5.6 Fighting
   Level 5.6 Short Blades
   Level 5.6 Long Blades
   Level 5.6 Axes
   Level 5.6 Maces & Flails
   Level 5.6 Polearms
   Level 5.6 Staves
 + Level 4.8 Armour
 + Level 4.7 Shields
   Level 5.6 Unarmed Combat
 + Level 0.4 Invocations


You had 5 spell levels left.
You didn't know any spells.
Your spell library was empty.

Dungeon Overview and Level Annotations

Branches:
Dungeon (4/12)
 Temple: D:4-7

Altars:
Gozag
Makhleb
Okawaru
Ru

Shops:
D:2 *

Annotations:
D:4 Pikel


Message History

You barely miss Pikel.
Pikel is moderately wounded.
The slave completely misses you. You block Pikel's attack. The slave hits you.
* * * LOW HITPOINT WARNING * * *
The slave barely misses you. The slave hits you.
* * * LOW HITPOINT WARNING * * *
You barely miss Pikel.
Pikel is moderately wounded.
You block Pikel's attack. The slave hits you but does no damage.
The slave hits you.
* * * LOW HITPOINT WARNING * * *
The slave hits you.
* * * LOW HITPOINT WARNING * * *
You barely miss Pikel.
Pikel is moderately wounded.
Pikel hits you but does no damage. The slave barely misses you.
The slave hits you.
* * * LOW HITPOINT WARNING * * *
The slave hits you.
You die...

###.....# #.......#
..#.....# #.......#
..#.....# #.......#
..#.....# #.......+
..#.....# #....>..# #
..+.....# #.......# .#
.##.....####.......# ..#
.#######....###p####...#
.......'....'.pp@......#
.......#....#..Kp......#
.##..###....###.###....#
.###'##########'###....#
.'...#....#............#
.##..'....#............#
#######..######..##....#
#### #..# ... ...+ ..


You could see Pikel and 4 slaves.

Vanquished Creatures
  A hound (D:4)
  A jelly (D:4)
  A bullfrog skeleton (D:4)
  An iguana (D:4)
  A worker ant (D:4)
  Robin (D:4)
  A howler monkey zombie (D:4)
  4 gnolls (D:3)
  2 adders (D:3)
  2 dart slugs
  3 worms
  3 leopard geckos
  7 orcs
  5 giant cockroaches
  10 goblins
  12 hobgoblins
  10 jackals
  8 kobolds
  5 quokkas
  2 ball pythons
  6 bats
  3 frilled lizards
  3 rats
92 creatures vanquished.

Notes
Turn   | Place    | Note
-------+----------+-------------------------------------------
     0 | D:1      | Freyura the Hill Orc Fighter began the quest for the Orb.
     0 | D:1      | Reached XP level 1. HP: 20/20 MP: 1/1
    98 | D:1      | Reached XP level 2. HP: 27/27 MP: 2/2
   280 | D:1      | Reached XP level 3. HP: 31/34 MP: 3/3
   979 | D:2      | Found an opulent altar of Gozag.
   983 | D:2      | Found Gozag's Platinum Reserve.
  1060 | D:2      | Reached XP level 4. HP: 37/41 MP: 4/4
  1281 | D:2      | Found a burning altar of Makhleb.
  1996 | D:3      | Reached skill level 5 in Fighting
  1996 | D:3      | Reached XP level 5. HP: 48/48 MP: 5/5
  2087 | D:3      | Found an iron altar of Okawaru.
  2137 | D:4      | Found a sacrificial altar of Ru.
  2277 | D:4      | Noticed Robin
  2303 | D:4      | HP: 2/48 [poisoned by Robin]
  2311 | D:4      | Killed Robin
  2612 | D:4      | Reached XP level 6. HP: 55/56 MP: 6/6
  2920 | D:4      | Became a worshipper of Beogh the Brigand
  3054 | D:4      | Noticed a slave
  3054 | D:4      | Noticed a slave
  3055 | D:4      | Noticed Pikel
  3055 | D:4      | Noticed a slave
  3055 | D:4      | Noticed a slave
  3081 | D:4      | HP: 1/56 [slave[Pikel] (3)]
  3081 | D:4      | Slain by a slave

Skill      XL: |  1  2  3  4 |
---------------+-------------+-----
Armour         | 4 |  4.8
Shields        | 4 |  4.7
Fighting       | 5 |  5.6
Short Blades   | |  5.6
Long Blades    | |  5.6
Axes           | |  5.6
Maces & Flails | |  5.6
Polearms       | |  5.6
Staves         | |  5.6
Unarmed Combat | |  5.6
Invocations    | |  0.4

Action                   |  1- 3 |  4- 6 || total
-------------------------+-------+-------++-------
Melee: Trident           |   149 |   212 ||   361
Invok: Convert to Beogh  |       |     1 ||     1
  Use: Potion            |       |     5 ||     5
       Scroll            |       |     4 ||     4
 Stab: Paralysed         |       |     1 ||     1
  Eat: Chunk             |       |     6 ||     6
Armor: Scale mail        |    54 |    95 ||   149
Dodge: Dodged            |    38 |    61 ||    99
Block: Shield            |    57 |   109 ||   166
